Sharks vs Islanders

Created - 3 novembre 2017 at 17:40

Goals
1 2 3 T
Sharks 0 3 1 4
Islanders 1 0 1 2
Shots
1 2 3 T
Sharks 12 11 9 32
Islanders 12 6 8 26

1st period

1. Islanders , Kyle Palmieri 6 (Tyler Bozak 5, Jordie Benn 1) at 11:28

Penalties :
Matt Dumba (NYI) for Interference (Minor) at 14:02, Kyle Palmieri (NYI) for Hooking (Minor) at 19:37

2nd period

2. Sharks , Jonathan Drouin 3 (Sidney Crosby 10, Tyson Barrie 7) at 7:56
3. Sharks , Steve Bernier 2 (Alex Pietrangelo 6, Colton Sceviour 2) at 14:33
4. Sharks , Kenny Agostino 1 (Zach Werenski 2) at 16:04

Penalties :
Jordie Benn (NYI) for Kneeing (Minor) at 9:07

3rd period

5. Islanders , Matt Dumba 2 (Tyler Bozak 6, Al Montoya) at 14:56 (PP)
6. Sharks , Jonathan Huberdeau 8 (Boone Jenner 5) at 17:37

Penalties :
Braydon Coburn (SJS) for Holding (Minor) at 12:57, Tyler Bozak (NYI) for High sticking (Minor) at 17:58

Goalie Stats

Jake Allen (SJS), 24 saves from 26 shots - (0,923), W, 5-2-0, 60:00 minutes
Al Montoya (NYI), 28 saves from 32 shots - (0,875), L, 0-1-0, 60:00 minutes

Players Stats for Sharks

Player Name              G  A  P  +/- PIM S  H  SB GA TA FO     MP     PP MP  PK MP  
------------------------------------------------------------------------------------
Alex Pietrangelo         0  1  1   1  0   2  0  2  1  1  0/0    24:05   4:50   1:36 
Boone Jenner             0  1  1   1  0   0  2  1  0  0  6/12   14:07   0:17   0:44 
Braydon Coburn           0  0  0   1  2   1  0  1  0  1  0/0    22:28   4:50   0:00 
Colton Sceviour          0  1  1   1  0   2  1  0  0  1  0/5     9:11   0:00   1:12 
Dylan Larkin             0  0  0   0  0   3  0  0  2  0  3/13   17:43   3:23   0:00 
Gabriel Landeskog        0  0  0   1  0   3  5  0  0  0  0/0    18:05   3:23   0:00 
Jonathan Drouin          1  0  1   1  0   7  0  0  1  0  0/0    18:28   3:23   0:00 
Jonathan Huberdeau       1  0  1   1  0   3  1  0  1  0  0/0    16:35   4:29   0:03 
Justin Braun             0  0  0   2  0   1  2  1  0  4  0/0    21:11   3:06   0:57 
Kenny Agostino           1  0  1   1  0   3  0  1  0  0  0/0     9:11   0:00   1:12 
Mark Borowiecki          0  0  0   0  0   0  2  0  0  0  0/0    16:09   0:00   0:51 
Mikkel Boedker           0  0  0   1  0   0  1  0  0  0  0/0    12:25   0:00   0:03 
Patric Hornqvist         0  0  0   0  0   0  5  0  1  0  0/2    19:18   4:20   0:00 
Sidney Crosby            0  1  1   1  0   2  2  0  0  0  16/24  19:09   4:29   0:00 
Steve Bernier            1  0  1   1  0   1  1  1  0  0  0/0     8:43   0:00   0:44 
Teuvo Teravainen         0  0  0   0  0   2  0  0  0  0  0/1    15:06   0:04   0:00 
Tyson Barrie             0  1  1   2  0   1  0  1  0  2  0/0    20:37   3:06   0:23 
Zach Werenski            0  1  1   0  0   1  0  0  0  3  0/0    15:29   0:00   0:11 

Players Stats for Islanders

Player Name              G  A  P  +/- PIM S  H  SB GA TA FO     MP     PP MP  PK MP  
------------------------------------------------------------------------------------
Alex Goligoski           0  0  0  -4  0   0  2  0  1  1  0/0    27:05   1:33   4:33 
Chris Mueller            0  0  0  -1  0   1  1  0  0  1  0/0    13:06   0:04   0:00 
Colin Greening           0  0  0  -1  0   1  3  0  0  0  0/2    11:49   0:00   0:00 
Evan Rodrigues           0  0  0  -1  0   0  2  0  2  0  3/7    14:28   0:00   2:48 
Gustav Forsling          0  0  0   0  0   0  0  0  0  0  0/0    13:38   0:00   1:50 
Jake Gardiner            0  0  0   1  0   1  1  2  0  1  0/0    21:12   0:26   3:28 
James Neal               0  0  0  -1  0   9  5  1  3  0  0/1    22:53   1:55   4:15 
Jesper Fast              0  0  0  -1  0   0  0  1  2  0  0/1    12:50   0:04   0:00 
Jordie Benn              0  1  1   1  2   3  0  1  0  1  0/0    20:24   0:26   2:01 
Justin Scott             0  0  0   0  0   0  0  0  0  0  2/3     8:38   0:00   0:15 
Kerby Rychel             0  0  0   0  0   2  1  0  0  0  0/0    10:40   0:00   1:53 
Kyle Palmieri            1  0  1  -1  2   2  2  1  0  0  1/3    21:15   1:55   2:38 
Logan Shaw               0  0  0   0  0   0  0  0  0  0  0/1     8:23   0:00   0:00 
Matt Dumba               1  0  1  -4  2   3  1  4  1  0  0/0    25:44   1:33   3:12 
Radek Faksa              0  0  0  -1  0   0  3  0  0  1  4/10   16:05   0:04   2:58 
Ryan Murray              0  0  0   0  0   1  1  0  0  0  0/0    12:17   0:00   0:48 
Timo Meier               0  0  0  -1  0   2  1  0  0  0  1/1    11:49   0:00   0:00 
Tyler Bozak              0  2  2  -1  2   1  4  0  3  1  21/28  19:44   1:55   1:05 

3 Stars

1 - Steve Bernier (SJS)
2 - Jonathan Huberdeau (SJS)
3 - Kenny Agostino (SJS)

Power Play

Sharks - 0 on 4 Attempt(s) - 0,00%
Islanders - 1 on 1 Attempt(s) - 100,00%

Penalty Kill

Sharks - 0 on 1 Attempt(s) - 0,00% - Score 0 goal in Penalty Kill
Islanders - 4 on 4 Attempt(s) - 100,00% - Score 0 goal in Penalty Kill

Team Stat

Sharks - Hits : 22 - Faceoff Wins : 25 - Blocked Shots : 8 - Penalty Minutes : 2
Islanders - Hits : 27 - Faceoff Wins : 32 - Blocked Shots : 10 - Penalty Minutes : 8

Official

Referees : Kendrick Nicholson and Marc Joannette
Linesman : Brandon Gawryletz and Shane Heyer

Game Notes

No Game Note

Finance

Level 1 -- Attendance: 6000 (100,00%) -- Ticket Income 600 000 $
Level 2 -- Attendance: 4705 (94,10%) -- Ticket Income 282 300 $
Level 3 -- Attendance: 2000 (100,00%) -- Ticket Income 70 000 $
Level 4 -- Attendance: 3867 (96,68%) -- Ticket Income 77 340 $
Luxury Box -- Attendance: 801 (80,10%) -- Ticket Income 160 200 $
Game was played at the Long Island Arena.
Total Attendance: 17373 (96,52%)
Total Ticket Income: 1 189 840 $
Other Income: 583 022 $
Total Income: 1 772 862 $

Sharks

5 vs 5 Forward 
   Center                   Left Wing                Right Wing               Time % Phy DF OF 
 1 Sidney Crosby            Gabriel Landeskog        Jonathan Drouin          36     0   1  4  
 2 Dylan Larkin             Patric Hornqvist         Teuvo Teravainen         34     0   1  4  
 3 Boone Jenner             Jonathan Huberdeau       Mikkel Boedker           25     0   1  4  
 4 Colton Sceviour          Kenny Agostino           Steve Bernier            5      0   1  4  

5 vs 5 Defense 
   Defense                  Defense                                           Time % Phy DF OF 
 1 Alex Pietrangelo         Braydon Coburn                                    36     0   1  4  
 2 Justin Braun             Tyson Barrie                                      34     0   1  4  
 3 Zach Werenski            Mark Borowiecki                                   30     0   1  4  
 4 Alex Pietrangelo         Braydon Coburn                                    0      0   1  4  

PowerPlay Forward 
   Center                   Left Wing                Right Wing               Time % Phy DF OF 
 1 Sidney Crosby            Jonathan Huberdeau       Patric Hornqvist         55     0   1  4  
 2 Dylan Larkin             Jonathan Drouin          Gabriel Landeskog        45     0   1  4  

PowerPlay Defense
   Defense                  Defense                                           Time % Phy DF OF 
 1 Alex Pietrangelo         Braydon Coburn                                    55     0   1  4  
 2 Justin Braun             Tyson Barrie                                      45     0   1  4  

Penalty Kill 4 Players Forward 
   Center                   Wing                     Time % Phy DF OF 
 1 Colton Sceviour          Kenny Agostino           55     0   5  0  
 2 Boone Jenner             Steve Bernier            45     0   5  0  

Penalty Kill 4 Players Defense
   Defense                  Defense                  Time % Phy DF OF 
 1 Alex Pietrangelo         Braydon Coburn           55     0   5  0  
 2 Justin Braun             Tyson Barrie             45     0   5  0  

Penalty Kill - 3 Players Forward 
   Forward                                           Time % Phy DF OF 
 1 Colton Sceviour                                   55     1   4  0  
 2 Steve Bernier                                     45     1   4  0  

Penalty Kill - 3 Players Defense
   Defense                  Defense                  Time % Phy DF OF 
 1 Mark Borowiecki          Braydon Coburn           55     1   4  0  
 2 Justin Braun             Tyson Barrie             45     1   4  0  

4 vs 4 Forward 
   Center                   Wing                     Time % Phy DF OF 
 1 Dylan Larkin             Jonathan Drouin          55     1   2  2  
 2 Colton Sceviour          Steve Bernier            45     1   2  2  

4 vs 4 Defense
   Defense                  Defense                  Time % Phy DF OF 
 1 Alex Pietrangelo         Braydon Coburn           55     1   2  2  
 2 Justin Braun             Tyson Barrie             45     1   2  2  

Last Minutes Offensive
   Center                   Left Wing                Right Wing               Defense                  Defense                  
   Sidney Crosby            Gabriel Landeskog        Jonathan Drouin          Alex Pietrangelo         Braydon Coburn           

Last Minutes Defensive
   Center                   Left Wing                Right Wing               Defense                  Defense                  
   Sidney Crosby            Gabriel Landeskog        Jonathan Drouin          Alex Pietrangelo         Braydon Coburn           

Goaltenders
Starting : Jake Allen               
Backup : Joonas Korpisalo         

Extra Forwards
Normal : Boone Jenner, Dylan Larkin, Mikkel Boedker - PP : Boone Jenner, Dylan Larkin - PK : Mikkel Boedker
Extra Defensemen
Normal : Zach Werenski, Mark Borowiecki, Justin Braun - PP : Zach Werenski - PK : Mark Borowiecki, Justin Braun
Penalty Shots
Sidney Crosby, Gabriel Landeskog, Jonathan Huberdeau, Jonathan Drouin, Patric Hornqvist
Custom OT Lines Forwards
Sidney Crosby, Gabriel Landeskog, Jonathan Huberdeau, Jonathan Drouin, Patric Hornqvist, Boone Jenner, Teuvo Teravainen, Dylan Larkin, Mikkel Boedker, Colton Sceviour
Custom OT Lines Defensemen
Alex Pietrangelo, Braydon Coburn, Justin Braun, Tyson Barrie, Zach Werenski

Scratches
*salaire sharks* (Suspend), Matt Martin (Healthy), Brian Gibbons (Healthy)

Islanders

5 vs 5 Forward 
   Center                   Left Wing                Right Wing               Time % Phy DF OF 
 1 Tyler Bozak              Kyle Palmieri            James Neal               40     1   2  2  
 2 Radek Faksa              Jesper Fast              Chris Mueller            30     1   2  2  
 3 Evan Rodrigues           Colin Greening           Timo Meier               20     1   2  2  
 4 Justin Scott             Kerby Rychel             Logan Shaw               10     1   2  2  

5 vs 5 Defense 
   Defense                  Defense                                           Time % Phy DF OF 
 1 Alex Goligoski           Matt Dumba                                        40     1   2  2  
 2 Jordie Benn              Jake Gardiner                                     30     1   2  2  
 3 Ryan Murray              Gustav Forsling                                   20     1   2  2  
 4 Alex Goligoski           Matt Dumba                                        10     1   2  2  

PowerPlay Forward 
   Center                   Left Wing                Right Wing               Time % Phy DF OF 
 1 Tyler Bozak              Kyle Palmieri            James Neal               60     1   2  2  
 2 Radek Faksa              Jesper Fast              Chris Mueller            40     1   2  2  

PowerPlay Defense
   Defense                  Defense                                           Time % Phy DF OF 
 1 Alex Goligoski           Matt Dumba                                        60     1   2  2  
 2 Jordie Benn              Jake Gardiner                                     40     1   2  2  

Penalty Kill 4 Players Forward 
   Center                   Wing                     Time % Phy DF OF 
 1 Kyle Palmieri            James Neal               60     1   2  2  
 2 Tyler Bozak              Radek Faksa              40     1   2  2  

Penalty Kill 4 Players Defense
   Defense                  Defense                  Time % Phy DF OF 
 1 Alex Goligoski           Matt Dumba               60     1   2  2  
 2 Jordie Benn              Jake Gardiner            40     1   2  2  

Penalty Kill - 3 Players Forward 
   Forward                                           Time % Phy DF OF 
 1 Kyle Palmieri                                     60     1   2  2  
 2 James Neal                                        40     1   2  2  

Penalty Kill - 3 Players Defense
   Defense                  Defense                  Time % Phy DF OF 
 1 Alex Goligoski           Matt Dumba               60     1   2  2  
 2 Jordie Benn              Jake Gardiner            40     1   2  2  

4 vs 4 Forward 
   Center                   Wing                     Time % Phy DF OF 
 1 Kyle Palmieri            James Neal               60     1   2  2  
 2 Tyler Bozak              Radek Faksa              40     1   2  2  

4 vs 4 Defense
   Defense                  Defense                  Time % Phy DF OF 
 1 Alex Goligoski           Matt Dumba               60     1   2  2  
 2 Jordie Benn              Jake Gardiner            40     1   2  2  

Last Minutes Offensive
   Center                   Left Wing                Right Wing               Defense                  Defense                  
   Tyler Bozak              Kyle Palmieri            James Neal               Alex Goligoski           Matt Dumba               

Last Minutes Defensive
   Center                   Left Wing                Right Wing               Defense                  Defense                  
   Tyler Bozak              Kyle Palmieri            James Neal               Alex Goligoski           Matt Dumba               

Goaltenders
Starting : Al Montoya               
Backup : Corey Crawford           

Extra Forwards
Normal : Colin Greening, Timo Meier, Evan Rodrigues - PP : Colin Greening, Timo Meier - PK : Evan Rodrigues
Extra Defensemen
Normal : Ryan Murray, Gustav Forsling, Jordie Benn - PP : Ryan Murray - PK : Gustav Forsling, Jordie Benn
Penalty Shots
Kyle Palmieri, James Neal, Tyler Bozak, Radek Faksa, Jesper Fast
Custom OT Lines Forwards
Kyle Palmieri, James Neal, Tyler Bozak, Radek Faksa, Jesper Fast, Chris Mueller, Colin Greening, Timo Meier, Evan Rodrigues, Kerby Rychel
Custom OT Lines Defensemen
Alex Goligoski, Matt Dumba, Jordie Benn, Jake Gardiner, Ryan Murray

Scratches
Vladimir Tarasenko (Exhaustion), Mikhail Grigorenko (Healthy), Brandon Saad (Healthy), Philip Larsen (Healthy), Karl Alzner (Exhaustion)
Nicklas Backstrom (Healthy), Gus Young (Healthy), David Shields (Healthy), Chris Breen (Healthy), Sam Brittain (Healthy)
Daniel Altshuller (Healthy)

% Time on Ice - Sharks

Lines # - Real PCT - Wanted PCT - Time Play
Normal Forward
1 - 31% - 36% - 15:24
2 - 29% - 34% - 14:20
3 - 25% - 25% - 12:22
4 - 16% - 5% - 7:59
Normal Defense
1 - 35% - 36% - 17:39
2 - 34% - 34% - 17:08
3 - 31% - 30% - 15:18
4 - 0% - 0% - 0:00
PP Forward
1 - 57% - 55% - 4:33
2 - 43% - 45% - 3:23
PP Defense
1 - 61% - 55% - 4:50
2 - 39% - 45% - 3:06
PK Forward
1 - 63% - 55% - 1:15
2 - 37% - 45% - 0:44
PK Defense
1 - 81% - 55% - 1:36
2 - 19% - 45% - 0:23
PK3 Forward
1 - 0% - 55%
2 - 0% - 45%
PK3 Defense
1 - 0% - 55%
2 - 0% - 45%
44 Forward
1 - 0% - 55%
2 - 0% - 45%
44 Defense
1 - 0% - 55%
2 - 0% - 45%
Last Minute Offensive  - 0:00
Last Minute Defensive  - 0:00
Total
Forward - 60:00
Defense - 60:00

% Time on Ice - Islanders

Lines # - Real PCT - Wanted PCT - Time Play
Normal Forward
1 - 34% - 40% - 17:07
2 - 26% - 30% - 13:02
3 - 23% - 20% - 11:33
4 - 17% - 10% - 8:23
Normal Defense
1 - 38% - 40% - 18:53
2 - 35% - 30% - 17:18
3 - 24% - 20% - 11:47
4 - 4% - 10% - 2:07
PP Forward
1 - 97% - 60% - 1:55
2 - 3% - 40% - 0:04
PP Defense
1 - 78% - 60% - 1:33
2 - 22% - 40% - 0:26
PK Forward
1 - 77% - 60% - 6:08
2 - 23% - 40% - 1:48
PK Defense
1 - 56% - 60% - 4:28
2 - 44% - 40% - 3:28
PK3 Forward
1 - 0% - 60%
2 - 0% - 40%
PK3 Defense
1 - 0% - 60%
2 - 0% - 40%
44 Forward
1 - 0% - 60%
2 - 0% - 40%
44 Defense
1 - 0% - 60%
2 - 0% - 40%
Last Minute Offensive  - 0:00
Last Minute Defensive  - 0:00
Total
Forward - 60:00
Defense - 60:00

Play by Play

1st period


0:01 of 1st period - Sidney Crosby wins face-off versus Tyler Bozak in neutral zone.
0:10 of 1st period - Snap shot by Jonathan Drouin.
0:10 of 1st period - Shot Blocked by Matt Dumba.
0:18 of 1st period - Alex Pietrangelo is hit by Alex Goligoski and loses puck.
0:29 of 1st period - Snap shot by Patric Hornqvist.
0:29 of 1st period - Shot Blocked by Jesper Fast.
0:31 of 1st period - Snap shot by Patric Hornqvist.
0:31 of 1st period - Shot Misses the Net.
0:33 of 1st period - Backhand shot by Alex Pietrangelo.
0:33 of 1st period - Deflect By Dylan Larkin.
0:33 of 1st period - Shot Blocked by Matt Dumba.
0:33 of 1st period - Puck is out of play.
0:34 of 1st period - Dylan Larkin wins face-off versus Colin Greening in Islanders zone.
0:41 of 1st period - Snap shot by Teuvo Teravainen.
0:41 of 1st period - Stopped by Al Montoya without a rebound.
0:42 of 1st period - Evan Rodrigues wins face-off versus Boone Jenner in Islanders zone.
1:28 of 1st period - Snap shot by Tyler Bozak.
1:28 of 1st period - Shot Misses the Net.
2:49 of 1st period - Kyle Palmieri is hit by Mark Borowiecki and loses puck.
3:37 of 1st period - Mark Borowiecki is hit by Colin Greening and loses puck.
4:01 of 1st period - Jesper Fast is hit by Patric Hornqvist and loses puck.
4:18 of 1st period - Slapshot by James Neal.
4:18 of 1st period - Stopped by Jake Allen without a rebound.
4:19 of 1st period - Sidney Crosby wins face-off versus Tyler Bozak in Sharks zone.
4:19 of 1st period - Sidney Crosby is hit by James Neal.
4:27 of 1st period - Ryan Murray is hit by Gabriel Landeskog and loses puck.
4:42 of 1st period - Slapshot by Jonathan Drouin.
4:42 of 1st period - Stopped by Al Montoya without a rebound.
4:43 of 1st period - Dylan Larkin wins face-off versus Radek Faksa in Islanders zone.
5:08 of 1st period - Tyson Barrie is hit by James Neal and loses puck.
5:19 of 1st period - Jordie Benn is hit by Patric Hornqvist and loses puck.
5:47 of 1st period - Colin Greening is hit by Jonathan Huberdeau.
5:57 of 1st period - Backhand shot by Sidney Crosby.
5:57 of 1st period - Stopped by Al Montoya without a rebound.
5:58 of 1st period - Sidney Crosby wins face-off versus Radek Faksa in Islanders zone.
5:59 of 1st period - Wrist shot by Jonathan Drouin.
5:59 of 1st period - Stopped by Al Montoya with a rebound.
6:10 of 1st period - Off-side.
6:11 of 1st period - Tyler Bozak wins face-off versus Sidney Crosby in neutral zone.
6:51 of 1st period - Snap shot by Radek Faksa.
6:51 of 1st period - Shot Misses the Net.
7:30 of 1st period - Wrist shot by Timo Meier.
7:30 of 1st period - Stopped by Jake Allen with a rebound.
7:32 of 1st period - Slapshot by Jordie Benn.
7:32 of 1st period - Deflect By Alex Pietrangelo.
7:32 of 1st period - Stopped by Jake Allen without a rebound.
7:33 of 1st period - Timo Meier wins face-off versus Sidney Crosby in Sharks zone.
7:46 of 1st period - Wrist shot by Jonathan Drouin.
7:46 of 1st period - Stopped by Al Montoya without a rebound.
7:47 of 1st period - Tyler Bozak wins face-off versus Dylan Larkin in Islanders zone.
8:14 of 1st period - Jesper Fast is hit by Sidney Crosby and loses puck.
8:31 of 1st period - Colin Greening is hit by Mikkel Boedker and loses puck.
9:20 of 1st period - Snap shot by James Neal.
9:20 of 1st period - Stopped by Jake Allen without a rebound.
9:21 of 1st period - Tyler Bozak wins face-off versus Sidney Crosby in Sharks zone.
9:28 of 1st period - Snap shot by Kyle Palmieri.
9:28 of 1st period - Shot Misses the Net.
9:34 of 1st period - Kyle Palmieri is hit by Gabriel Landeskog and loses puck.
9:47 of 1st period - Mikkel Boedker is hit by Chris Mueller and loses puck.
10:55 of 1st period - Icing by Jake Gardiner.
10:56 of 1st period - Tyler Bozak wins face-off versus Colton Sceviour in Islanders zone.
11:20 of 1st period - Snap shot by James Neal.
11:20 of 1st period - Shot Blocked by Steve Bernier.
11:22 of 1st period - Snap shot by Kyle Palmieri.
11:22 of 1st period - Stopped by Jake Allen with a rebound.
11:24 of 1st period - Slapshot by Jordie Benn.
11:24 of 1st period - Stopped by Jake Allen with a rebound.
11:26 of 1st period - Snap shot by Tyler Bozak.
11:26 of 1st period - Shot Misses the Net.
11:28 of 1st period - Snap shot by Kyle Palmieri.
11:28 of 1st period - Goal by Kyle Palmieri - Sharks : 0 - Islanders : 1.
11:29 of 1st period - Sidney Crosby wins face-off versus Radek Faksa in neutral zone.
11:39 of 1st period - Slapshot by Chris Mueller.
11:39 of 1st period - Stopped by Jake Allen without a rebound.
11:40 of 1st period - Tyler Bozak wins face-off versus Dylan Larkin in Sharks zone.
11:47 of 1st period - Wrist shot by Tyler Bozak.
11:47 of 1st period - Shot Misses the Net.
12:10 of 1st period - Wrist shot by Jonathan Drouin.
12:10 of 1st period - Stopped by Al Montoya with a rebound.
12:12 of 1st period - Snap shot by Gabriel Landeskog.
12:12 of 1st period - Shot Misses the Net.
12:14 of 1st period - Snap shot by Gabriel Landeskog.
12:14 of 1st period - Stopped by Al Montoya without a rebound.
12:15 of 1st period - Tyler Bozak wins face-off versus Boone Jenner in Islanders zone.
12:28 of 1st period - Wrist shot by James Neal.
12:28 of 1st period - Stopped by Jake Allen with a rebound.
13:05 of 1st period - Wrist shot by Patric Hornqvist.
13:05 of 1st period - Deflect By Teuvo Teravainen.
13:05 of 1st period - Shot Blocked by Matt Dumba.
13:05 of 1st period - Puck is out of play.
13:06 of 1st period - Tyler Bozak wins face-off versus Patric Hornqvist in Islanders zone.
13:27 of 1st period - Wrist shot by Dylan Larkin.
13:27 of 1st period - Shot Misses the Net.
13:29 of 1st period - Slapshot by Dylan Larkin.
13:29 of 1st period - Shot Blocked by Jordie Benn.
13:31 of 1st period - Slapshot by Braydon Coburn.
13:31 of 1st period - Deflect By Teuvo Teravainen.
13:31 of 1st period - Stopped by Al Montoya with a rebound.
13:33 of 1st period - Slapshot by Braydon Coburn.
13:33 of 1st period - Shot Blocked by James Neal.
13:35 of 1st period - Slapshot by Braydon Coburn.
13:35 of 1st period - Shot Blocked by Jake Gardiner.
13:51 of 1st period - Wrist shot by Dylan Larkin.
13:51 of 1st period - Stopped by Al Montoya with a rebound.
13:53 of 1st period - Snap shot by Dylan Larkin.
13:53 of 1st period - Stopped by Al Montoya with a rebound.
13:55 of 1st period - Slapshot by Tyson Barrie.
13:55 of 1st period - Stopped by Al Montoya with a rebound.
13:57 of 1st period - Snap shot by Justin Braun.
13:57 of 1st period - Stopped by Al Montoya without a rebound.
13:58 of 1st period - Sidney Crosby wins face-off versus Jesper Fast in Islanders zone.
14:02 of 1st period - Minor Penalty to Matt Dumba for Interference.
14:03 of 1st period - Sidney Crosby wins face-off versus Kyle Palmieri in Islanders zone.
14:42 of 1st period - Jordie Benn is hit by Gabriel Landeskog and loses puck.
16:02 of 1st period - Penalty to Matt Dumba is over, Matt Dumba is back on ice.
17:10 of 1st period - Icing by Gabriel Landeskog.
17:11 of 1st period - Evan Rodrigues wins face-off versus Sidney Crosby in Sharks zone.
17:16 of 1st period - Snap shot by Evan Rodrigues.
17:16 of 1st period - Shot Misses the Net.
17:30 of 1st period - Snap shot by Tyler Bozak.
17:30 of 1st period - Shot Misses the Net.
17:32 of 1st period - Slapshot by Matt Dumba.
17:32 of 1st period - Stopped by Jake Allen without a rebound.
17:33 of 1st period - Tyler Bozak wins face-off versus Boone Jenner in Sharks zone.
17:40 of 1st period - Wrist shot by James Neal.
17:40 of 1st period - Stopped by Jake Allen without a rebound.
17:41 of 1st period - Boone Jenner wins face-off versus Tyler Bozak in Sharks zone.
18:08 of 1st period - Jonathan Drouin is hit by Radek Faksa and loses puck.
18:30 of 1st period - Wrist shot by Timo Meier.
18:30 of 1st period - Deflect By Evan Rodrigues.
18:30 of 1st period - Shot Blocked by Alex Pietrangelo.
18:30 of 1st period - Puck is out of play.
18:31 of 1st period - Tyler Bozak wins face-off versus Patric Hornqvist in Sharks zone.
19:21 of 1st period - Jonathan Drouin is hit by Colin Greening and loses puck.
19:26 of 1st period - Snap shot by Timo Meier.
19:26 of 1st period - Stopped by Jake Allen without a rebound.
19:27 of 1st period - Tyler Bozak wins face-off versus Dylan Larkin in Sharks zone.
19:37 of 1st period - Minor Penalty to Kyle Palmieri for Hooking.
19:38 of 1st period - Sidney Crosby wins face-off versus Evan Rodrigues in Islanders zone.
19:54 of 1st period - Alex Pietrangelo is hit by James Neal and loses puck.
Goals for this period are 0 for Sharks vs 1 for Islanders.
Shots for this period are 12 for Sharks vs 12 for Islanders.

2nd period


0:01 of 2nd period - Sidney Crosby wins face-off versus Evan Rodrigues in neutral zone.
0:06 of 2nd period - Alex Goligoski is hit by Patric Hornqvist.
0:23 of 2nd period - Icing by Jonathan Huberdeau.
0:24 of 2nd period - Sidney Crosby wins face-off versus Radek Faksa in Sharks zone.
0:28 of 2nd period - Off-side.
0:29 of 2nd period - Radek Faksa wins face-off versus Dylan Larkin in neutral zone.
0:32 of 2nd period - Slapshot by James Neal.
0:32 of 2nd period - Stopped by Jake Allen with a rebound.
1:37 of 2nd period - Penalty to Kyle Palmieri is over, Kyle Palmieri is back on ice.
2:31 of 2nd period - Snap shot by Kenny Agostino.
2:31 of 2nd period - Stopped by Al Montoya with a rebound.
2:59 of 2nd period - Wrist shot by Jonathan Huberdeau.
2:59 of 2nd period - Stopped by Al Montoya without a rebound.
3:00 of 2nd period - Boone Jenner wins face-off versus Justin Scott in Islanders zone.
3:33 of 2nd period - Snap shot by Kerby Rychel.
3:33 of 2nd period - Shot Blocked by Boone Jenner.
3:35 of 2nd period - Snap shot by Logan Shaw.
3:35 of 2nd period - Shot Blocked by Braydon Coburn.
3:37 of 2nd period - Slapshot by Ryan Murray.
3:37 of 2nd period - Stopped by Jake Allen with a rebound.
3:39 of 2nd period - Slapshot by Ryan Murray.
3:39 of 2nd period - Shot Misses the Net.
3:41 of 2nd period - Slapshot by Kerby Rychel.
3:41 of 2nd period - Shot Blocked by Alex Pietrangelo.
3:43 of 2nd period - Wrist shot by Kerby Rychel.
3:43 of 2nd period - Stopped by Jake Allen without a rebound.
3:44 of 2nd period - Dylan Larkin wins face-off versus Radek Faksa in Sharks zone.
4:09 of 2nd period - Tyson Barrie is hit by Alex Goligoski.
4:33 of 2nd period - Snap shot by James Neal.
4:33 of 2nd period - Shot Misses the Net.
4:37 of 2nd period - Slapshot by Tyler Bozak.
4:37 of 2nd period - Shot Misses the Net.
4:39 of 2nd period - Wrist shot by Jordie Benn.
4:39 of 2nd period - Stopped by Jake Allen with a rebound.
4:41 of 2nd period - Snap shot by James Neal.
4:41 of 2nd period - Stopped by Jake Allen with a rebound.
4:54 of 2nd period - Wrist shot by Kenny Agostino.
4:54 of 2nd period - Shot Misses the Net.
4:56 of 2nd period - Slapshot by Zach Werenski.
4:56 of 2nd period - Stopped by Al Montoya with a rebound.
4:58 of 2nd period - Snap shot by Colton Sceviour.
4:58 of 2nd period - Stopped by Al Montoya without a rebound.
4:59 of 2nd period - Tyler Bozak wins face-off versus Boone Jenner in Islanders zone.
5:01 of 2nd period - Icing by Kyle Palmieri.
5:02 of 2nd period - Boone Jenner wins face-off versus Tyler Bozak in Islanders zone.
5:07 of 2nd period - Snap shot by Jonathan Huberdeau.
5:07 of 2nd period - Stopped by Al Montoya with a rebound.
6:34 of 2nd period - Icing by Tyler Bozak.
6:35 of 2nd period - Sidney Crosby wins face-off versus Logan Shaw in Islanders zone.
7:39 of 2nd period - Justin Braun is hit by Evan Rodrigues and loses puck.
7:56 of 2nd period - Snap shot by Jonathan Drouin.
7:56 of 2nd period - Goal by Jonathan Drouin - Sharks : 1 - Islanders : 1.
7:57 of 2nd period - Sidney Crosby wins face-off versus James Neal in neutral zone.
8:29 of 2nd period - Alex Pietrangelo is hit by Radek Faksa and loses puck.
8:54 of 2nd period - Slapshot by Alex Pietrangelo.
8:54 of 2nd period - Stopped by Al Montoya with a rebound.
9:07 of 2nd period - Minor Penalty to Jordie Benn for Kneeing.
9:08 of 2nd period - Sidney Crosby wins face-off versus Kyle Palmieri in Islanders zone.
10:50 of 2nd period - Kerby Rychel is hit by Patric Hornqvist.
10:59 of 2nd period - Kerby Rychel is hit by Sidney Crosby and loses puck.
11:07 of 2nd period - Penalty to Jordie Benn is over, Jordie Benn is back on ice.
11:10 of 2nd period - Jordie Benn is hit by Justin Braun and loses puck.
12:04 of 2nd period - Justin Braun is hit by Timo Meier and loses puck.
12:46 of 2nd period - Jonathan Drouin is hit by Tyler Bozak and loses puck.
13:12 of 2nd period - Slapshot by Colin Greening.
13:12 of 2nd period - Stopped by Jake Allen with a rebound.
14:33 of 2nd period - Wrist shot by Steve Bernier.
14:33 of 2nd period - Goal by Steve Bernier - Sharks : 2 - Islanders : 1.
14:34 of 2nd period - Tyler Bozak wins face-off versus Sidney Crosby in neutral zone.
14:49 of 2nd period - Slapshot by Kyle Palmieri.
14:49 of 2nd period - Deflect By Tyler Bozak.
14:49 of 2nd period - Shot Misses the Net.
14:49 of 2nd period - Puck is out of play.
14:50 of 2nd period - Radek Faksa wins face-off versus Dylan Larkin in Sharks zone.
15:17 of 2nd period - Gabriel Landeskog is hit by Kyle Palmieri and loses puck.
15:54 of 2nd period - Icing by Kerby Rychel.
15:55 of 2nd period - Justin Scott wins face-off versus Colton Sceviour in Islanders zone.
16:04 of 2nd period - Wrist shot by Kenny Agostino.
16:04 of 2nd period - Goal by Kenny Agostino - Sharks : 3 - Islanders : 1.
16:05 of 2nd period - Sidney Crosby wins face-off versus Tyler Bozak in neutral zone.
16:10 of 2nd period - Slapshot by Jonathan Drouin.
16:10 of 2nd period - Shot Blocked by Matt Dumba.
16:12 of 2nd period - Backhand shot by Gabriel Landeskog.
16:12 of 2nd period - Stopped by Al Montoya without a rebound.
16:13 of 2nd period - Tyler Bozak wins face-off versus Sidney Crosby in Islanders zone.
16:54 of 2nd period - Snap shot by Jonathan Drouin.
16:54 of 2nd period - Shot Blocked by Kyle Palmieri.
16:56 of 2nd period - Snap shot by Gabriel Landeskog.
16:56 of 2nd period - Deflect By Jonathan Drouin.
16:56 of 2nd period - Stopped by Al Montoya without a rebound.
16:57 of 2nd period - Radek Faksa wins face-off versus Dylan Larkin in Islanders zone.
17:51 of 2nd period - Slapshot by Colton Sceviour.
17:51 of 2nd period - Shot Misses the Net.
18:05 of 2nd period - Slapshot by Radek Faksa.
18:05 of 2nd period - Shot Misses the Net.
19:33 of 2nd period - Wrist shot by Radek Faksa.
19:33 of 2nd period - Shot Misses the Net.
Goals for this period are 3 for Sharks vs 0 for Islanders.
Shots for this period are 11 for Sharks vs 6 for Islanders.

3rd period


0:01 of 3rd period - Tyler Bozak wins face-off versus Dylan Larkin in neutral zone.
0:31 of 3rd period - Chris Mueller is hit by Gabriel Landeskog and loses puck.
1:08 of 3rd period - Slapshot by Alex Goligoski.
1:08 of 3rd period - Shot Blocked by Kenny Agostino.
1:10 of 3rd period - Snap shot by Kerby Rychel.
1:10 of 3rd period - Stopped by Jake Allen without a rebound.
1:11 of 3rd period - Justin Scott wins face-off versus Dylan Larkin in Sharks zone.
1:36 of 3rd period - Alex Pietrangelo is hit by Tyler Bozak.
1:46 of 3rd period - Snap shot by Sidney Crosby.
1:46 of 3rd period - Stopped by Al Montoya with a rebound.
2:26 of 3rd period - Snap shot by Kenny Agostino.
2:26 of 3rd period - Stopped by Al Montoya with a rebound.
2:49 of 3rd period - Icing by Patric Hornqvist.
2:50 of 3rd period - Tyler Bozak wins face-off versus Teuvo Teravainen in Sharks zone.
4:02 of 3rd period - James Neal is hit by Boone Jenner and loses puck.
4:25 of 3rd period - Snap shot by Kerby Rychel.
4:25 of 3rd period - Shot Blocked by Tyson Barrie.
4:46 of 3rd period - Slapshot by Matt Dumba.
4:46 of 3rd period - Shot Blocked by Justin Braun.
5:04 of 3rd period - Mikkel Boedker is hit by Matt Dumba and loses puck.
5:28 of 3rd period - Off-side.
5:29 of 3rd period - Tyler Bozak wins face-off versus Dylan Larkin in neutral zone.
5:32 of 3rd period - Tyson Barrie is hit by James Neal and loses puck.
5:39 of 3rd period - Tyler Bozak is hit by Patric Hornqvist and loses puck.
5:44 of 3rd period - Wrist shot by Dylan Larkin.
5:44 of 3rd period - Stopped by Al Montoya without a rebound.
5:45 of 3rd period - Sidney Crosby wins face-off versus Radek Faksa in Islanders zone.
6:49 of 3rd period - Alex Pietrangelo is hit by Colin Greening and loses puck.
6:56 of 3rd period - Slapshot by Matt Dumba.
6:56 of 3rd period - Stopped by Jake Allen without a rebound.
6:57 of 3rd period - Tyler Bozak wins face-off versus Dylan Larkin in Sharks zone.
7:31 of 3rd period - Tyson Barrie is hit by Radek Faksa and loses puck.
8:50 of 3rd period - Colton Sceviour is hit by Jake Gardiner and loses puck.
9:11 of 3rd period - Gabriel Landeskog is hit by Kerby Rychel and loses puck.
9:28 of 3rd period - Boone Jenner is hit by Tyler Bozak and loses puck.
9:45 of 3rd period - Timo Meier is hit by Justin Braun and loses puck.
9:56 of 3rd period - Snap shot by Patric Hornqvist.
9:56 of 3rd period - Shot Misses the Net.
10:02 of 3rd period - Dylan Larkin is hit by Ryan Murray and loses puck.
10:11 of 3rd period - Patric Hornqvist is hit by Evan Rodrigues and loses puck.
10:28 of 3rd period - Snap shot by Jake Gardiner.
10:28 of 3rd period - Stopped by Jake Allen without a rebound.
10:29 of 3rd period - Sidney Crosby wins face-off versus Tyler Bozak in Sharks zone.
10:56 of 3rd period - Alex Goligoski is hit by Boone Jenner and loses puck.
11:17 of 3rd period - Jordie Benn is hit by Steve Bernier and loses puck.
11:25 of 3rd period - Snap shot by Colton Sceviour.
11:25 of 3rd period - Stopped by Al Montoya with a rebound.
11:27 of 3rd period - Wrist shot by Braydon Coburn.
11:27 of 3rd period - Stopped by Al Montoya with a rebound.
11:58 of 3rd period - Jake Gardiner is hit by Mark Borowiecki and loses puck.
12:44 of 3rd period - Off-side.
12:45 of 3rd period - Tyler Bozak wins face-off versus Colton Sceviour in neutral zone.
12:54 of 3rd period - Snap shot by James Neal.
12:54 of 3rd period - Stopped by Jake Allen without a rebound.
12:55 of 3rd period - Sidney Crosby wins face-off versus Tyler Bozak in Sharks zone.
12:57 of 3rd period - Minor Penalty to Braydon Coburn for Holding.
12:58 of 3rd period - Tyler Bozak wins face-off versus Colton Sceviour in Sharks zone.
13:10 of 3rd period - Wrist shot by James Neal.
13:10 of 3rd period - Stopped by Jake Allen without a rebound.
13:11 of 3rd period - Tyler Bozak wins face-off versus Colton Sceviour in Sharks zone.
13:18 of 3rd period - Snap shot by James Neal.
13:18 of 3rd period - Shot Misses the Net.
13:20 of 3rd period - Snap shot by Tyler Bozak.
13:20 of 3rd period - Stopped by Jake Allen with a rebound.
13:55 of 3rd period - Justin Braun is hit by Tyler Bozak and loses puck.
14:00 of 3rd period - Wrist shot by James Neal.
14:00 of 3rd period - Stopped by Jake Allen with a rebound.
14:10 of 3rd period - Tyson Barrie is hit by Kyle Palmieri and loses puck.
14:21 of 3rd period - Boone Jenner is hit by James Neal and loses puck.
14:34 of 3rd period - Wrist shot by James Neal.
14:34 of 3rd period - Shot Misses the Net.
14:46 of 3rd period - Alex Goligoski is hit by Colton Sceviour.
14:56 of 3rd period - Slapshot by Matt Dumba.
14:56 of 3rd period - Goal by Matt Dumba - Sharks : 3 - Islanders : 2.
14:57 of 3rd period - Radek Faksa wins face-off versus Sidney Crosby in neutral zone.
16:53 of 3rd period - Icing by Colin Greening.
16:54 of 3rd period - Boone Jenner wins face-off versus Colin Greening in Islanders zone.
17:17 of 3rd period - Wrist shot by Jonathan Drouin.
17:17 of 3rd period - Shot Misses the Net.
17:19 of 3rd period - Wrist shot by Jonathan Drouin.
17:19 of 3rd period - Stopped by Al Montoya with a rebound.
17:21 of 3rd period - Snap shot by Gabriel Landeskog.
17:21 of 3rd period - Stopped by Al Montoya with a rebound.
17:35 of 3rd period - Wrist shot by Jonathan Huberdeau.
17:35 of 3rd period - Deflect By Mikkel Boedker.
17:35 of 3rd period - Shot Blocked by Jake Gardiner.
17:35 of 3rd period - Puck is out of play.
17:36 of 3rd period - Boone Jenner wins face-off versus Evan Rodrigues in Islanders zone.
17:37 of 3rd period - Slapshot by Jonathan Huberdeau.
17:37 of 3rd period - Goal by Jonathan Huberdeau - Sharks : 4 - Islanders : 2.
17:38 of 3rd period - Evan Rodrigues wins face-off versus Boone Jenner in neutral zone.
17:43 of 3rd period - Slapshot by Evan Rodrigues.
17:43 of 3rd period - Shot Misses the Net.
17:45 of 3rd period - Slapshot by Alex Goligoski.
17:45 of 3rd period - Deflect By Timo Meier.
17:45 of 3rd period - Shot Misses the Net.
17:45 of 3rd period - Puck is out of play.
17:46 of 3rd period - Boone Jenner wins face-off versus Evan Rodrigues in Sharks zone.
17:55 of 3rd period - Slapshot by Alex Pietrangelo.
17:55 of 3rd period - Stopped by Al Montoya without a rebound.
17:56 of 3rd period - Tyler Bozak wins face-off versus Boone Jenner in Islanders zone.
17:58 of 3rd period - Minor Penalty to Tyler Bozak for High sticking.
17:59 of 3rd period - Kyle Palmieri wins face-off versus Sidney Crosby in Islanders zone.
18:15 of 3rd period - Wrist shot by Jonathan Huberdeau.
18:15 of 3rd period - Shot Misses the Net.
19:52 of 3rd period - Radek Faksa is hit by Gabriel Landeskog.
19:58 of 3rd period - Penalty to Tyler Bozak is over, Tyler Bozak is back on ice.
Goals for this period are 1 for Sharks vs 1 for Islanders.
Shots for this period are 9 for Sharks vs 8 for Islanders.